 Dungeon Crawl Stone Soup version 0.23-a0-489-g205b0b61ae (webtiles) character file.

3934 GoingDown the Grappler (level 10, -5/94 HPs)
             Began as a Troll Monk on Dec 2, 2018.
             Slain by an orc warrior
             ... wielding a +0 trident
              (11 damage)
             ... on level 8 of the Dungeon.
             The game lasted 00:26:31 (7131 turns).

GoingDown the Grappler (Troll Monk)                 Turns: 7131, Time: 00:26:31

Health: -5/94      AC:  6    Str: 21    XL:     10   Next: 1%
Magic:  9/9        EV: 11    Int:  6    God:
Gold:   438        SH:  0    Dex: 15    Spells: 8/9 levels left

rFire    . . .     SeeInvis .     - Unarmed
rCold    . . .     Gourm    +   (no shield)
rNeg     . . .     Faith    .   a - +0 robe
rPois    +         Spirit   .   (helmet restricted)
rElec    .         Reflect  .   j - +0 cloak
rCorr    +         Harm     .   (gloves unavailable)
MR       +....                  (boots unavailable)
Stlth    +.........             (no amulet)
HPRegen  0.65/turn              y - ring of protection from magic
MPRegen  0.11/turn              B - ring "Nijopt" {rCorr rPois Slay+2 Stlth-}

@: no status effects
A: large, unfitting armour, claws 3, fast metabolism 3, gourmand, regeneration
1, shaggy fur 1, tough skin 2
a: no special abilities


You were on level 8 of the Dungeon.
You were very full.

You visited 2 branches of the dungeon, and saw 9 of its levels.
You also visited: Ossuary.

You collected 438 gold pieces.

Inventory:

Missiles
 l - 5 large rocks (quivered)
Armour
 a - a +0 robe (worn)
 j - a +0 cloak (worn)
Jewellery
 h - an uncursed ring of wizardry
 p - an uncursed ring of see invisible
 r - an uncursed ring of positive energy
 t - an uncursed ring of flight
 y - a ring of protection from magic (left claw)
 B - the ring "Nijopt" (right claw) {rCorr rPois Slay+2 Stlth-}
   (You found it on level 6 of the Dungeon)

   [ring of resist corrosion]

   It affects your accuracy and damage with ranged weapons and melee attacks
   (+2).
   It protects you from poison.
   It makes you less stealthy.
Wands
 w - a wand of disintegration (20)
 A - a wand of polymorph (10)
Scrolls
 c - 3 scrolls of identify
 i - 7 scrolls of remove curse
Potions
 d - 4 potions of curing
 e - a potion of agility
 g - 4 potions of haste
 k - a potion of magic {unknown}
 m - a potion of ambrosia
 u - a potion of mutation
 v - 4 potions of lignification
Comestibles
 b - 15 rations
 f - 2 chunks of flesh


   Skills:
 + Level 4.9 Fighting
 - Level 2.4 Dodging
 - Level 1.0 Stealth
 * Level 13.3 Unarmed Combat


You had 8 spell levels left.
You knew the following spells:

 Your Spells              Type           Power        Failure   Level  Hunger
a - Apportation           Tloc           #.....       45%         1    ##.....

Your spell library contained the following spells:

 Spells                   Type           Power        Failure   Level  Hunger
 Animate Skeleton         Necr           N/A          45%         1    ##.....
 Confusing Touch          Hex            #.....       45%         1    ##.....
 Summon Small Mammal      Summ           #...         45%         1    ##.....


Dungeon Overview and Level Annotations

Branches:
Dungeon (8/15)             Temple (1/1) D:5
   Lair: D:8-11

Altars:
Ashenzari
Cheibriados
Dithmenos
Elyvilon
Fedhas
Gozag
Hepliaklqana
Kikubaaqudgha
Makhleb
Nemelex Xobeh
Okawaru
Qazlal
Ru
Sif Muna
Trog
Uskayaw
Vehumet
Wu Jian
Xom
Yredelemnul
Zin
The Shining One


Innate Abilities, Weirdness & Mutations

You are too large for most types of armour.
You have claws for hands.
Your metabolism is lightning-fast.
You like to eat raw meat.
Your natural rate of healing is unusually fast.
You are covered in fur. (AC +1)
You have very tough skin. (AC +2)


Message History

The orc hits you with a cursed -3 dagger.
The orc warrior closely misses you.
Items here: ( )) [[ †† You scratch the orc warrior.
The orc warrior is lightly wounded.
The orc hits you but does no damage.
The orc warrior hits you with a +0 trident!!
* * * LOW HITPOINT WARNING * * *
You claw the orc warrior!
The orc warrior is heavily wounded.
The orc barely misses you.
You barely miss the orc warrior.
The orc warrior is heavily wounded.
The orc warrior hits you with a +0 trident!
* * * LOW HITPOINT WARNING * * *
The orc hits you but does no damage.
You claw the orc warrior! Your claw misses the orc warrior.
The orc warrior is almost dead.
The orc warrior hits you with a +0 trident!
You die...

########### #####
#.........# ......#
#.........# .......##
###.........# ........#
#.....[.....# ........#
#.#.........# ........##
#...........##
.....>..o#####..........#.
.......oo@.# #.#####..##..
........##!###....###.....
......).##.....##...#..#..
.##.....######........###.
......... ...(.....###.
......o.. ....###....).
.#.(....## ####...#..##.#
........# ........##..
..#...... ....#...>...


You could see an orc warrior and 2 orcs.

Vanquished Creatures
  Joseph (D:7)
  Grinder (D:6)
  A hippogriff (D:6)
  Eustachio (D:6)
  A hungry ghost (D:7)
  Menkaure (D:4)
  2 orc warriors
  4 ogres
  2 sky beasts
  A phantom (D:6)
  5 centaurs
  A big kobold (D:7)
  An elf zombie (Ossuary)
  2 bullfrogs
  A scorpion (D:4)
  3 killer bees (D:7)
  A crimson imp (D:6)
  2 centaur zombies
  5 hounds
  A jelly (D:8)
  3 orc priests
  Crazy Yiuf (D:5)
  2 bullfrog skeletons
  Terence (D:2)
  4 iguanas
  6 worker ants
  Natasha (D:2)
  2 orc wizards
  2 hound zombies
  Robin (D:3)
  12 gnolls
  7 adders
  2 shadow imps (D:5)
  3 oozes
  An adder zombie (D:8)
  An adder skeleton (D:4)
  6 worms
  3 dart slugs
  7 leopard geckos
  41 orcs
  8 bats
  2 giant cockroaches (D:2)
  18 goblins
  7 hobgoblins
  2 jackals (D:6)
  9 kobolds
  5 quokkas
  3 ball pythons
  23 frilled lizards
  A jackal skeleton (D:8)
  A kobold zombie (Ossuary)
  A leopard gecko skeleton (D:8)
  10 rats
233 creatures vanquished.

Notes
Turn   | Place    | Note
-------+----------+-------------------------------------------
     0 | D:1      | GoingDown the Troll Monk began the quest for the Orb.
     0 | D:1      | Reached XP level 1. HP: 22/22 MP: 0/0
   244 | D:1      | Reached XP level 2. HP: 28/29 MP: 1/1
   306 | D:1      | Reached skill level 4 in Unarmed Combat
   713 | D:2      | Noticed a centaur
   725 | D:2      | Killed a centaur
   725 | D:2      | Reached skill level 5 in Unarmed Combat
   725 | D:2      | Reached XP level 3. HP: 24/36 MP: 2/2
   725 | D:2      | Reached XP level 4. HP: 29/44 MP: 3/3
  1034 | D:2      | Noticed Terence
  1045 | D:2      | Killed Terence
  1045 | D:2      | Reached XP level 5. HP: 29/50 MP: 4/4
  1380 | D:2      | Noticed Natasha
  1389 | D:2      | Killed Natasha
  1389 | D:2      | Reached skill level 6 in Unarmed Combat
  1890 | D:3      | Noticed Robin
  1933 | D:3      | Killed Robin
  2076 | D:3      | Reached XP level 6. HP: 55/59 MP: 5/5
  2213 | D:3      | Noticed a sky beast
  2225 | D:3      | Killed a sky beast
  2225 | D:3      | Reached skill level 7 in Unarmed Combat
  2388 | D:3      | Found a white marble altar of Elyvilon.
  2391 | D:3      | Found an ornate altar of the Wu Jian Council.
  2394 | D:3      | Found a sacrificial altar of Ru.
  2395 | D:3      | Found a burning altar of Makhleb.
  2395 | D:3      | Found a hide-covered altar of Uskayaw.
  2395 | D:3      | Found an ancient bone altar of Kikubaaqudgha.
  2395 | D:3      | Found a shattered altar of Ashenzari.
  2396 | D:3      | Found a radiant altar of Vehumet.
  2398 | D:3      | Found a shadowy altar of Dithmenos.
  2401 | D:3      | Found a snail-covered altar of Cheibriados.
  2939 | D:4      | Noticed Menkaure
  2945 | D:4      | Killed Menkaure
  2945 | D:4      | Reached skill level 8 in Unarmed Combat
  2945 | D:4      | Reached XP level 7. HP: 34/66 MP: 6/6
  3032 | D:4      | Reached skill level 9 in Unarmed Combat
  3847 | D:5      | Entered Level 5 of the Dungeon
  3894 | D:5      | Found a shimmering altar of Xom.
  3996 | D:5      | Found a staircase to the Ecumenical Temple.
  4002 | Temple   | Entered the Ecumenical Temple
  4335 | D:5      | Found a runed door.
  4339 | D:5      | Noticed Crazy Yiuf
  4341 | D:5      | Paralysed by something for 3 turns
  4351 | D:5      | Killed Crazy Yiuf
  4498 | D:5      | Reached XP level 8. HP: 28/74 MP: 7/7
  4826 | D:5      | Reached skill level 10 in Unarmed Combat
  5092 | D:6      | Reached skill level 11 in Unarmed Combat
  5351 | D:6      | Noticed Eustachio
  5355 | D:6      | Found a sand-covered staircase.
  5361 | Ossuary  | Entered an ossuary
  5502 | D:6      | Killed Eustachio
  5545 | D:6      | Reached XP level 9. HP: 60/80 MP: 8/8
  5615 | D:6      | Noticed Grinder
  5624 | D:6      | Killed Grinder
  5624 | D:6      | Reached skill level 12 in Unarmed Combat
  5626 | D:6      | Got a scorched ivory ring
  5627 | D:6      | Identified the ring "Nijopt" {rCorr rPois Slay+2 Stlth-}
                  | (You found it on level 6 of the Dungeon)
  6143 | D:7      | Learned a level 1 spell: Apportation
  6269 | D:7      | Found a glowing golden altar of the Shining One.
  6309 | D:7      | Found a hazy altar of Hepliaklqana.
  6346 | D:7      | Noticed Joseph
  6354 | D:7      | Killed Joseph
  6552 | D:7      | Reached skill level 13 in Unarmed Combat
  6990 | D:8      | Found a shattered altar of Ashenzari.
  7108 | D:8      | Reached XP level 10. HP: 70/94 MP: 9/9
  7131 | D:8      | Slain by an orc warrior

Vault maps used:
D:1:      dpeg_arrival_three_smaller_balls, minmay_stone_trees_medium
D:2:      minmay_chambers_of_twos, uniq_terence, uniq_natasha
D:3:      minitemple, chequers_garden, grunt_ministairs_4, uniq_robin
D:4:      st_stairs_8, uniq_menkaure
D:5:      kennysheep_spiral_hall, overflow_temple_1_default,
          minmay_temple_entry_hall, first_ration, minmay_lizard_king,
          uniq_crazy_yiuf_cottage
D:6:      nicolae_ossuary_entry_plus, minmay_tree_intersection, uniq_grinder,
          uniq_eustachio
D:7:      nicolae_overflow_hidden_temple, uniq_joseph
D:8:      ashenzari_altar_1
Temple:   jpeg_temple_island
Ossuary:  ossuary_minmay_tomb_2a

Skill      XL: |  1  2  3  4  5  6  7  8  9 |
---------------+----------------------------+-----
Unarmed Combat | 5 6 8 9 11 13 | 13.3
Fighting       | 4 |  4.9
Dodging        | |  2.4
Stealth        | |  1.0

Action                   |  1- 3 |  4- 6 |  7- 9 | 10-12 || total
-------------------------+-------+-------+-------+-------++-------
Melee: Unarmed           |    50 |   214 |   351 |    19 ||   634
       Punch             |     1 |     6 |    16 |       ||    23
  Use: Scroll            |       |     3 |    12 |       ||    15
 Stab: Sleeping          |     2 |     5 |     1 |       ||     8
  Eat: Chunk             |    12 |    20 |    43 |       ||    75
Armor: Robe              |    18 |    79 |   121 |     6 ||   224
Dodge: Dodged            |    33 |    75 |   223 |    19 ||   350

Table legend:
 A = Non-vault XP
 B = Vault XP
 C = Vault XP percentage of total XP
 D = Non-vault monster count
 E = Vault monster count
 F = Vault count percentage of total count
                 A         B        C        D         E       F
            +---------+---------+-------+---------+---------+-------
      Total |    4159 |    1462 |  26.0 |     184 |      49 |  21.0
            +---------+---------+-------+---------+---------+-------
        D:1 |      35 |       0 |   0.0 |      19 |       0 |   0.0
        D:2 |     205 |      90 |  30.5 |      26 |      10 |  27.8
        D:3 |     267 |      40 |  13.0 |      26 |      15 |  36.6
        D:4 |     309 |     158 |  33.8 |      10 |       2 |  16.7
        D:5 |     479 |     154 |  24.3 |      25 |      16 |  39.0
        D:6 |    1118 |     470 |  29.6 |      31 |       2 |   6.1
        D:7 |    1220 |     430 |  26.1 |      32 |       1 |   3.0
        D:8 |     526 |       0 |   0.0 |      15 |       0 |   0.0
    Ossuary |       0 |     120 | 100.0 |       0 |       3 | 100.0
            +---------+---------+-------+---------+---------+-------
